 Dungeon Crawl Stone Soup version 0.30.0-11-gf55b779eaf (webtiles) character file.

Game seed: 14513139098501990797

216541 olmar the Impregnable (level 18, -18/176 HPs)
             Began as a Minotaur Fighter on May 15, 2023.
             Was an Initiate of Gozag.
             Killed from afar by a salamander tyrant (46 damage)
             ... on level 4 of the Snake Pit on May 16, 2023.
             The game lasted 00:54:51 (34156 turns).

olmar the Impregnable (Minotaur Fighter)           Turns: 34156, Time: 00:54:51

Health: -18/176    AC: 38    Str: 33    XL:     18   Next: 73%
Magic:  0/17       EV:  8    Int:  4    God:    Gozag
Gold:   3355       SH: 19    Dex:  8    Spells: 17/17 levels left

rFire   . . .        H - +3 eveningstar "Myerr" {holy, rElec rPois rC+ rCorr}
rCold   + + +        e - +0 tower shield
rNeg    + + +        W - +8 gold dragon scales of Autumn {*Corrode rPois rF+ rC+ Regen+ Str+5}
rPois   +            Y - +0 hat "Odoquzeludd" {Will+ Int+3 Stlth+}
rElec   +            x - scarf {shadows}
rCorr   +            J - +2 pair of gloves
SInv    .            w - +1 pair of boots "Nekkid" {rN+ rCorr Dex+2}
Will    +++++        o - amulet "Amuor" {Spirit rF- Will+++ rCorr Dex-5} Stlth
                     M - ring "Unia" {rPois rC++ Will+ rCorr Int-4}
HPRegen 1.29/turn    C - ring "Ymugule" {rN++ AC+4}
MPRegen 0.15/turn

%: corrode self (3%), guardian spirit
@: weakened, corroded, studying 2 skills
A: horns 2, retaliatory headbutt
a: Renounce Religion, Potion Petition, Call Merchant, Bribe Branch


You were on level 4 of the Snake Pit.
You worshipped Gozag.
Gozag was most pleased with you.
You visited 7 branches of the dungeon, and saw 31 of its levels.
You also visited: Gauntlet.

You collected 13317 gold pieces.
You spent 5268 gold pieces at shops.
You paid 4694 gold pieces to Gozag.

Inventory:

Hand Weapons
 H - the +3 eveningstar "Myerr" (weapon) {holy, rElec rPois rC+ rCorr}
   (You acquired it on level 3 of the Elven Halls)

   rC:        It protects you from cold.
   rElec:     It insulates you from electricity.
   rPois:     It protects you from poison.
   rCorr:     It protects you from acid and corrosion.
Missiles
 z - 2 silver boomerangs
 E - 3 throwing nets (quivered)
 T - 3 curare-tipped darts
Armour
 e - a +0 tower shield (worn)
 w - the +1 pair of boots "Nekkid" (worn) {rN+ rCorr Dex+2}
   (You bought it in a shop on level 12 of the Dungeon)

   Dex:       It affects your dexterity (+2).
   rN:        It protects you from negative energy.
   rCorr:     It protects you from acid and corrosion.
 x - a scarf of shadows (worn)
 J - a +2 pair of gloves (worn)
 W - the +8 gold dragon scales of Autumn (worn) {*Corrode rPois rF+ rC+ Regen+ Str+5}
   (You bought it in a shop on level 7 of the Dungeon)

   Str:       It affects your strength (+5).
   rF:        It protects you from fire.
   rC:        It protects you from cold.
   rPois:     It protects you from poison.
   Regen:     It increases your rate of health regeneration.
   *Corrode:  It may corrode you when you take damage.
 Y - the +0 hat "Odoquzeludd" (worn) {Will+ Int+3 Stlth+}
   (You found it in a Gauntlet)

   Int:       It affects your intelligence (+3).
   Will:      It increases your willpower.
   Stlth:     It makes you more stealthy.
Jewellery
 a - an amulet of regeneration
 o - the amulet "Amuor" (around neck) {Spirit rF- Will+++ rCorr Dex-5}
   (You found it in a Gauntlet)

   [amulet of guardian spirit]

   It causes incoming damage to be divided between your reserves of health and
   magic.
   Dex:       It affects your dexterity (-5).
   rF:        It makes you vulnerable to fire.
   rCorr:     It protects you from acid and corrosion.
   Will:      It greatly increases your willpower.
 C - the ring "Ymugule" (right hand) {rN++ AC+4}
   (You bought it in a shop on level 12 of the Dungeon)

   [ring of protection]

   AC:        It affects your AC (+4).
   rN:        It greatly protects you from negative energy.
 M - the ring "Unia" (left hand) {rPois rC++ Will+ rCorr Int-4}
   (You took it off a deep elf annihilator on level 3 of the Elven Halls)

   [ring of resist corrosion]

   Int:       It affects your intelligence (-4).
   rC:        It greatly protects you from cold.
   rPois:     It protects you from poison.
   rCorr:     It protects you from acid and corrosion.
   Will:      It increases your willpower.
 S - a ring of see invisible
 V - a ring of willpower
Wands
 c - a wand of mindburst (43)
 s - a wand of digging (8)
 A - a wand of paralysis (12)
 Q - a wand of light (6)
 U - a wand of polymorph (20)
 Z - a wand of flame (68)
Scrolls
 b - a scroll of teleportation
 g - 5 scrolls of butterflies
 h - 4 scrolls of magic mapping
 l - 3 scrolls of fear
 u - 8 scrolls of enchant weapon
 y - 5 scrolls of identify
 B - 3 scrolls of fog
 D - 3 scrolls of enchant armour
 G - 2 scrolls of blinking
 I - a scroll of poison
 K - a scroll of brand weapon
Potions
 d - 7 potions of mutation
 i - 5 potions of brilliance
 j - 3 potions of flight
 k - 15 potions of curing
 m - 3 potions of heal wounds
 p - a potion of berserk rage
 q - 3 potions of lignification
 r - 4 potions of attraction
 v - 2 potions of ambrosia
 L - 2 potions of magic
 N - 4 potions of might
 O - 2 potions of resistance
 P - 2 potions of haste
Miscellaneous
 n - a lightning rod (2/4)
 t - a phantom mirror
 F - a piece from Xom's chessboard (15/15)
 R - a box of beasts
 X - a condenser vane (inert)


   Skills:
 + Level 19.5 Fighting
 + Level 20.4 Maces & Flails
 + Level 3.3 Throwing
 + Level 21.2 Armour
 + Level 3.4 Dodging
 + Level 6.3 Stealth
 + Level 19.9 Shields
 - Level 0.3 Evocations


You had 17 spell levels left.
You didn't know any spells.
Your spell library contained the following spells:

 Spells                   Type           Power      Damage    Failure   Level
 Apportation              Tloc           0%         N/A       99%         1
 Magic Dart               Conj           0%         1d3       99%         1
 Necrotise                Necr           0%         1d4       99%         1
 Sandblast                Erth           0%         2d4       99%         1
 Summon Small Mammal      Summ           0%         N/A       99%         1
 Call Imp                 Summ           0%         N/A       100%        2
 Cigotuvi's Dreadful Rot  Necr/Pois/Air  0%         N/A       100%        2
 Passwall                 Tmut/Erth      0%         N/A       100%        2
 Call Canine Familiar     Summ           0%         N/A       100%        3
 Dazzling Flash           Conj/Hex       0%         N/A       100%        3
 Ignite Poison            Fire/Tmut/Pois 0%         N/A       100%        3
 Mephitic Cloud           Conj/Pois/Air  0%         N/A       100%        3
 Ozocubu's Armour         Ice            0%         N/A       100%        3
 Portal Projectile        Hex/Tloc       0%         N/A       100%        3
 Stone Arrow              Conj/Erth      0%         3d7       100%        3
 Volatile Blastmotes      Fire/Tloc      0%         2d10      100%        3
 Cause Fear               Hex            0%         N/A       100%        4
 Iskenderun's Mystic Bla  Conj/Tloc      0%         2d3       100%        4
 Leda's Liquefaction      Hex/Erth       0%         N/A       100%        4
 Petrify                  Tmut/Erth      0%         N/A       100%        4
 Borgnjor's Vile Clutch   Necr/Erth      0%         N/A       100%        5
 Freezing Cloud           Conj/Ice/Air   0%         6-21      100%        5
 Lee's Rapid Deconstruct  Erth           0%         3d4*      100%        5
 Metabolic Englaciation   Hex/Ice        0%         N/A       100%        5
 Death Channel            Necr           0%         N/A       100%        6
 Starburst                Conj/Fire      0%         6d3       100%        6
 Statue Form              Tmut/Erth      0%         N/A       100%        6
 Dragon Form              Tmut           0%         N/A       100%        7
 Ozocubu's Refrigeration  Ice            0%         4d7       100%        7
 Lehudib's Crystal Spear  Conj/Erth      0%         10d2      100%        8
 Dragon's Call            Summ           0%         N/A       100%        9
 Animate Dead             Necr           Unusable   N/A       N/A         4
 Simulacrum               Ice/Necr       Unusable   N/A       N/A         6

Dungeon Overview and Level Annotations

Branches:
Dungeon (15/15)            Temple (1/1) D:7            Lair (5/5) D:9
 Shoals (1/4) Lair:3        Snake (4/4) Lair:3        Slime (0/5) Lair:5
    Orc (2/2) D:11            Elf (3/3) Orc:2        Vaults (0/5) D:13
 Depths (0/4) D:15        Gauntlet (visited)

Altars:
Cheibriados
Dithmenos
Elyvilon
Gozag
Hepliaklqana
Kikubaaqudgha
Makhleb
Nemelex Xobeh
Okawaru
Qazlal
Ru
Trog
Uskayaw
Vehumet
Wu Jian
Xom
Yredelemnul
Zin
The Shining One
Jiyva

Shops:
D:1 [   D:5 *   D:7 [   D:12 [(=   Orc:2 ?*[:   Elf:2 [   Elf:3 *[

Portals:
Pandemonium: Orc:2

Annotations:
D:4 1 runed translucent door, Arex's ghost, amateur HOFi
D:13 2 transporters, Arex's ghost, journeyman DrTm
Lair:2 2 transporters, ColinBallin's ghost, journeyman MiBe
Lair:4 1 runed translucent door, Nubia's ghost, journeyman GnEn
Orc:1 3 runed translucent doors, pdpol's ghost, journeyman MiFi


Innate Abilities, Weirdness & Mutations

You have a pair of horns on your head.
You reflexively headbutt those who attack you in melee.


Message History

Your headbutt misses the salamander tyrant.
The salamander tyrant is moderately wounded.
The salamander tyrant calls gouts of flame from the lava!
The flame surge hits you!!
You block the salamander mystic's attack.
Unknown command.
You impale the salamander tyrant!!
The salamander tyrant is severely wounded.
The salamander tyrant calls gouts of flame from the lava!
The flame surge hits you!
The salamander mystic hits you with a +0 quarterstaff.
* * * LOW HITPOINT WARNING * * *
You are engulfed in flames!
* * * LOW HITPOINT WARNING * * *
Blink to where?
Press: ? - help, Dir - move target
As you read the scroll of blinking, it crumbles to dust.
The salamander tyrant gazes fiercely through you!
You feel as though you will be weak longer.
The salamander tyrant calls gouts of flame from the lava!
The flame surge hits you!!
* * * LOW HITPOINT WARNING * * *
Press: ? - help, v - describe, . - travel
Here: a salamander tyrant (severely wounded, fast)
The floor.
Clouds of flame condense around you!
The condenser dries out!
The salamander tyrant gazes fiercely through you!
You feel as though you will be weak longer.
Unknown command.
Unknown command.
Okay, then.
You feel much better.
The salamander tyrant rends the earth beneath you!
The blast of magma engulfs you!!!
* * * LOW HITPOINT WARNING * * *
You feel much better.
The salamander tyrant rends the earth beneath you!
The blast of magma engulfs you!!!
You die...
Your body crumbles into a pile of gold.

##..#.....##..<....#......≈≈§§.
##.##.....#.......#..N§§≈≈≈≈§§
##.#.....##......##§§≈§§≈≈§≈≈≈
##..##..###......##.N.§§≈§≈≈≈≈≈
#....####.......##.N§§≈§#######
##.............##..§§§###
##...#'#.....##..≈§≈##
##...##.##.. ##≈§§≈≈##
#....#...#..##.@§.≈##
##....#..##.##.≈≈§≈## #.....'..
#.#..≈§≈## #.....#..##.#.§≈§≈#
#.....#..#..#)##### ###...#
.#....# ##..####...##
##.........# #..........#


You could see a salamander tyrant (fast) and a salamander mystic.

Vanquished Creatures
  2 deep elf blademasters (Elf:3)
  2 deep elf master archers (Elf:3)
  3 nagarajas
  3 deep elf sorcerers (Elf:3)
  An iron dragon (Elf:1)
  4 deep elf elementalists (Elf:3)
  A deep elf demonologist (Elf:3)
  7 deep elf annihilators (Elf:3)
  A minotaur (Gauntlet)
  4 deep elf death magi (Elf:3)
  An ettin (Orc:2)
  2 deep elf high priests (Elf:3)
  A rakshasa (D:15)
  Harold (D:9)
  2 hydras
  4 salamander tyrants
  4 vault guards (D:13)
  4 boulder beetles
  2 ogre magi (D:15)
  6 anacondas
  2 demonspawn (Orc:2)
  2 catoblepae
  15 naga warriors
  3 centaur warriors
  14 two-headed ogres
  31 dancing weapons
  A tengu warrior (Gauntlet)
  7 orc high priests
  15 deep elf knights
  9 naga sharpshooters
  A wretched star (Gauntlet)
  3 shock serpents
  A fire crab (Gauntlet)
  2 skysharks
  6 skeletal warriors (D:15)
  3 salamander mystics
  A glowing orange brain (D:15)
  Lodul (D:11)
  A goliath frog (Lair:5)
  11 deep elf archers
  5 wizards (D:13)
  5 naga ritualists
  A lindwurm (Snake:4)
  7 orc knights
  38 deep elf zephyrmancers
  A wolf spider zombie (D:15)
  6 orc sorcerers
  7 ugly things
  21 deep elf pyromancers
  14 mana vipers
  A necromancer (Gauntlet)
  4 manticores
  5 cyclopes
  A salamander (shapeshifter) (D:15)
  17 salamanders
  A moth of wrath (shapeshifter) (D:15)
  A guardian serpent (shapeshifter) (D:15)
  21 elephants
  4 centaur zombies (D:15)
  5 guardian serpents
  3 demonic crawlers (Elf:3)
  25 black mambas
  A rust devil (Orc:2)
  20 naga magi
  4 torpor snails
  5 gargoyles
  2 kobold demonologists (D:11)
  16 cane toads
  5 komodo dragons
  2 tengu conjurers (Gauntlet)
  An unseen horror (D:13)
  4 rime drakes
  2 efreet
  A redback zombie (D:15)
  An ice devil (Orc:2)
  3 tyrant leeches
  3 polar bears
  8 trolls
  9 hornets
  19 blink frogs
  5 dream sheep
  4 slime creatures
  A meliai zombie (D:15)
  An air elemental (Elf:3)
  A centaur simulacrum (D:15)
  2 spriggans (shapeshifter)
  48 yaks
  A shadow (D:13)
  A culicivora (shapeshifter) (Elf:2)
  3 wyverns
  2 water elementals
  5 wraiths
  4 vampires
  A ynoxinul (Orc:2)
  A yak (shapeshifter) (D:14)
  Eustachio (D:6)
  5 basilisks
  3 fire elementals
  2 steam dragons
  A neqoxec (Gauntlet)
  2 fire bats (Gauntlet)
  20 vampire mosquitoes
  2 chaos spawn (Orc:2)
  A harpy simulacrum (D:15)
  7 wargs
  2 swamp worms (Gauntlet)
  12 water moccasins
  42 nagas
  An acid dragon (D:14)
  37 orc warriors
  2 ice beasts
  3 sky beasts
  3 black bears
  A hornet zombie (D:15)
  A small abomination (Gauntlet)
  8 wolves
  15 ogres
  4 centaurs
  A phantom (D:4)
  3 gnoll sergeants
  5 kobold brigands
  19 bullfrogs
  A scorpion (D:6)
  4 earth elementals
  10 wights
  3 killer bees (D:8)
  4 electric eels
  3 howler monkeys
  3 hounds (D:7)
  3 jellies
  28 orc priests
  4 gnoll boudas
  3 iguanas
  16 orc wizards
  Robin (D:3)
  38 gnolls
  6 adders
  4 white imps
  A worm (D:4)
  2 dart slugs
  64 orcs
  9 bats
  9 endoplasms
  14 goblins
  12 hobgoblins
  3 jackals (D:2)
  25 kobolds
  3 quokkas
  6 ball pythons
  2 frilled lizards (D:2)
  5 rats
1052 creatures vanquished.

Vanquished Creatures (collateral kills)
  A naga (Snake:1)
  A bullfrog (Lair:5)
2 creatures vanquished.

Vanquished Creatures (others)
  Roxanne (Elf:1)
  An ogre mage (D:13)
  2 deep elf knights (Elf:1)
  A naga (Snake:4)
  An orc warrior (Elf:2)
  An orc priest (Orc:2)
  2 orcs (Orc:2)
  A kobold (D:7)
10 creatures vanquished.

Grand Total: 1064 creatures vanquished

Notes
Turn   | Place    | Note
-------+----------+-------------------------------------------
     0 | D:1      | olmar the Minotaur Fighter began the quest for the Orb.
     0 | D:1      | Reached XP level 1. HP: 19/19 MP: 0/0
    73 | D:1      | Reached XP level 2. HP: 27/27 MP: 1/1
   129 | D:1      | Reached skill level 4 in Armour
   206 | D:1      | Found Emedat's Armour Emporium.
   547 | D:2      | Reached XP level 3. HP: 33/33 MP: 2/2
  1256 | D:3      | Reached XP level 4. HP: 40/40 MP: 3/3
  1812 | D:3      | Noticed Robin
  1829 | D:3      | Reached skill level 1 in Dodging
  1830 | D:3      | Killed Robin
  2056 | D:3      | Reached skill level 5 in Armour
  2056 | D:3      | Reached XP level 5. HP: 32/46 MP: 4/4
  2319 | D:4      | Found a runed translucent door.
  2319 | D:4      | Noticed Arex's ghost (amateur HOFi)
  2657 | D:4      | Reached XP level 6. HP: 42/53 MP: 5/5
  2795 | D:4      | Noticed a sky beast
  2809 | D:4      | Killed a sky beast
  2810 | D:4      | Reached skill level 5 in Maces & Flails
  2816 | D:4      | Reached skill level 6 in Armour
  3204 | D:5      | Entered Level 5 of the Dungeon
  3344 | D:5      | Reached skill level 5 in Fighting
  3344 | D:5      | Reached XP level 7. HP: 43/61 MP: 6/6
  3725 | D:5      | Found Jiteqologu's Lightly-Used Armoury.
  4040 | D:6      | Reached skill level 7 in Armour
  4263 | D:6      | Noticed Eustachio
  4283 | D:6      | Killed Eustachio
  4284 | D:6      | Reached XP level 8. HP: 61/69 MP: 5/7
  4711 | D:6      | Reached skill level 5 in Shields
  5034 | D:6      | Reached skill level 8 in Armour
  5044 | D:6      | Found a glowing golden altar of the Shining One.
  5439 | D:7      | Found a staircase to the Ecumenical Temple.
  5855 | Temple   | Entered the Ecumenical Temple
  5915 | Temple   | Became a worshipper of Gozag Ym Sagoz the Greedy
  5959 | D:7      | Found Teshub's Dragon-Slaying Spoils.
  6020 | D:7      | Reached XP level 9. HP: 75/75 MP: 8/8
  6030 | D:7      | Reached skill level 9 in Armour
  6196 | D:7      | You fall into a shaft and drop 3 floors!
  6196 | D:10     | Entered Level 10 of the Dungeon
  6241 | D:10     | Noticed a two-headed ogre
  6246 | D:10     | Killed a two-headed ogre
  6247 | D:10     | Reached skill level 10 in Maces & Flails
  6247 | D:10     | Reached skill level 1 in Stealth
  6299 | D:10     | Noticed a troll
  6308 | D:10     | Killed a troll
  6316 | D:10     | Noticed a boulder beetle
  6318 | D:10     | Noticed a gargoyle
  6328 | D:10     | Found the +6 shillelagh "Devastator" {shatter}
  6330 | D:10     | Noticed a two-headed ogre
  6352 | D:10     | Reached skill level 10 in Armour
  6366 | D:10     | Reached XP level 10. HP: 49/86 MP: 7/9
  6635 | D:10     | Killed a gargoyle
  6737 | D:9      | Found a basalt altar of Yredelemnul.
  7331 | D:8      | Reached skill level 11 in Armour
  7507 | D:8      | Found an iron altar of Okawaru.
  7838 | D:9      | Noticed a cyclops
  7838 | D:9      | Noticed Harold
  7844 | D:9      | Noticed a two-headed ogre
  7871 | D:9      | Killed a cyclops
  7966 | D:9      | Killed Harold
  8019 | D:9      | Reached XP level 11. HP: 80/97 MP: 10/10
  8112 | D:9      | Noticed a two-headed ogre
  8120 | D:9      | Killed a two-headed ogre
  8121 | D:9      | Reached skill level 1 in Throwing
  8144 | D:9      | Found a staircase to the Lair.
  8335 | D:9      | Killed a two-headed ogre
  8577 | D:9      | Identified the orb of Xoawki {*Rage, rN+}
  8799 | D:10     | Noticed a two-headed ogre
  8806 | D:10     | Killed a boulder beetle
  8807 | D:10     | Reached skill level 12 in Armour
  8809 | D:10     | Killed a two-headed ogre
  8813 | D:10     | Killed a two-headed ogre
  9167 | D:10     | Found an ancient bone altar of Kikubaaqudgha.
  9290 | D:10     | Noticed a brown ugly thing
  9295 | D:10     | Killed a brown ugly thing
  9778 | Lair:1   | Entered Level 1 of the Lair of Beasts
  9944 | Lair:1   | Reached skill level 10 in Fighting
  9965 | Lair:1   | Paralysed by a hornet for 1 turns
  9974 | Lair:1   | Paralysed by a hornet for 2 turns
 10162 | Lair:1   | Paralysed by a hornet for 3 turns
 10204 | Lair:1   | Paralysed by a hornet for 3 turns
 10211 | Lair:1   | Reached skill level 13 in Armour
 10397 | Lair:1   | Reached XP level 12. HP: 103/107 MP: 9/11
 11489 | Lair:2   | Reached skill level 15 in Maces & Flails
 11553 | Lair:2   | Noticed a boulder beetle
 11555 | Lair:2   | Noticed ColinBallin's ghost (journeyman MiBe)
 11565 | Lair:2   | Found a transporter.
 11633 | Lair:2   | Reached skill level 14 in Armour
 12384 | Lair:2   | Found a shimmering altar of Xom.
 12392 | Lair:2   | Found a transporter.
 13252 | Lair:3   | Found a staircase to the Snake Pit.
 13937 | Lair:3   | Found a staircase to the Shoals.
 14643 | D:7      | Bought the +8 gold dragon scales of Autumn {*Corrode rPois
                  | rF+ rC+ Regen+ Str+5} for 1455 gold pieces
 15028 | Lair:4   | Noticed a catoblepas
 15037 | Lair:4   | Killed a catoblepas
 15038 | Lair:4   | Reached XP level 13. HP: 118/118 MP: 12/12
 15056 | Lair:4   | Found a runed translucent door.
 15095 | Lair:4   | Reached skill level 15 in Armour
 15316 | Lair:4   | Noticed Nubia's ghost (journeyman GnEn)
 15991 | Lair:5   | Entered Level 5 of the Lair of Beasts
 16131 | Lair:5   | Reached skill level 16 in Armour
 16165 | Lair:5   | Reached skill level 10 in Shields
 16606 | Lair:5   | Found a viscous altar of Jiyva.
 16607 | Lair:5   | Found a staircase to the Slime Pits.
 16618 | Lair:5   | Reached XP level 14. HP: 122/129 MP: 13/13
 17566 | D:11     | Noticed Lodul
 17572 | D:11     | Killed Lodul
 17706 | D:11     | Found a staircase to the Orcish Mines.
 17743 | Orc:1    | Entered Level 1 of the Orcish Mines
 17964 | Orc:1    | Found a runed translucent gate.
 17964 | Orc:1    | Found a runed translucent gate.
 17971 | Orc:1    | Found a runed translucent gate.
 18282 | Orc:1    | Noticed pdpol's ghost (journeyman MiFi)
 18328 | Orc:2    | Entered Level 2 of the Orcish Mines
 18328 | Orc:2    | Found a staircase to the Elven Halls.
 18382 | Orc:1    | Reached skill level 17 in Armour
 18982 | Orc:2    | Found Buurol's General Store.
 19020 | Orc:2    | Found Hoxep's Magic Scroll Boutique.
 19097 | Orc:2    | Bought a scroll of identify for 28 gold pieces
 19097 | Orc:2    | Bought a scroll of identify for 28 gold pieces
 19097 | Orc:2    | Bought a scroll of identify for 28 gold pieces
 19102 | Orc:2    | Bought a scroll of butterflies for 64 gold pieces
 19102 | Orc:2    | Bought a scroll of blinking for 120 gold pieces
 19102 | Orc:2    | Bought a scroll of magic mapping for 120 gold pieces
 19102 | Orc:2    | Bought a potion of haste for 160 gold pieces
 19102 | Orc:2    | Bought 2 potions of mutation for 256 gold pieces
 19210 | Orc:2    | Paralysed by an orc sorcerer for 4 turns
 20258 | Orc:2    | Found Gakkezom's Antique Armour Emporium.
 20258 | Orc:2    | Found Plog's Book Shoppe.
 20260 | Orc:2    | Found a one-way gate leading to the halls of Pandemonium.
 20262 | Orc:2    | Bought a shiny buckler for 187 gold pieces
 20262 | Orc:2    | Bought a pair of glowing boots for 187 gold pieces
 21054 | D:12     | Bought a pair of transparent boots for 351 gold pieces
 21054 | D:12     | Identified the +1 pair of boots "Nekkid" {rN+ rCorr Dex+2}
                  | (You bought it in a shop on level 12 of the Dungeon)
 21054 | D:12     | Bought an embroidered scarf for 296 gold pieces
 21140 | D:12     | Reached skill level 15 in Fighting
 21404 | D:12     | Reached skill level 18 in Armour
 21413 | D:12     | Bought the ring "Ymugule" {rN++ AC+4} for 695 gold pieces
 21498 | D:12     | Reached XP level 15. HP: 141/141 MP: 14/14
 21514 | D:12     | Identified the +0 chain mail of the Thirteen Hosts {rElec
                  | Str+4}
 21758 | D:13     | Found a gate leading to a gauntlet.
 21766 | Gauntlet | Entered a Gauntlet
 21766 | Gauntlet | Found a transporter.
 21787 | Gauntlet | Found a transporter.
 21788 | Gauntlet | Found a transporter.
 21788 | Gauntlet | Found a transporter.
 21796 | Gauntlet | Found a transporter.
 21799 | Gauntlet | Found a transporter.
 21800 | Gauntlet | Found a transporter.
 21808 | Gauntlet | Found a transporter.
 21811 | Gauntlet | Found a transporter.
 21812 | Gauntlet | Found a transporter.
 21820 | Gauntlet | Found a transporter.
 21823 | Gauntlet | Found a transporter.
 21824 | Gauntlet | Found a transporter.
 21831 | Gauntlet | Found a runed translucent door.
 21833 | Gauntlet | Found a transporter.
 22034 | Gauntlet | Identified the amulet "Amuor" {Spirit rF- Will+++ rCorr
                  | Dex-5}
 22098 | Gauntlet | Identified the +0 hat "Odoquzeludd" {Will+ Int+3 Stlth+}
 22279 | D:13     | Found a gate to the Vaults.
 22400 | D:13     | Found a transporter.
 22401 | D:13     | Noticed Arex's ghost (journeyman DrTm)
 22402 | D:13     | Found a transporter.
 22631 | D:13     | Found the +12 glaive of Prune {freeze, Prune}
 23741 | D:15     | Entered Level 15 of the Dungeon
 23903 | D:15     | Reached skill level 5 in Stealth
 24008 | D:15     | Reached skill level 19 in Armour
 24189 | D:15     | Reached XP level 16. HP: 146/152 MP: 15/15
 24438 | D:15     | Found a staircase to the Depths.
 24643 | Elf:1    | Entered Level 1 of the Elven Halls
 25048 | Elf:1    | Identified Roxanne's Cyclopedia of the Lithosphere
 25048 | Elf:1    | Noticed Roxanne
 25063 | Elf:1    | Killed Roxanne
 25232 | Elf:1    | Reached skill level 15 in Shields
 25761 | Elf:1    | Got the Information on Orogeny
 26258 | Elf:2    | Found Hanget's Antique Armour Shop.
 26365 | Elf:2    | Bought a glowing cloak for 300 gold pieces
 26584 | Elf:2    | Found a runed translucent gate.
 26585 | Elf:2    | Found a runed translucent gate.
 26585 | Elf:2    | Found a runed translucent gate.
 26619 | Elf:3    | Entered Level 3 of the Elven Halls
 26762 | Elf:3    | Paralysed by an air elemental for 1 turns
 26765 | Elf:3    | Paralysed by an air elemental for 1 turns
 26966 | Elf:3    | Found Foahev's Assorted Antiques.
 26972 | Elf:3    | Bought a potion of curing for 108 gold pieces
 26972 | Elf:3    | Bought a potion of curing for 108 gold pieces
 26972 | Elf:3    | Bought a scroll of identify for 72 gold pieces
 26972 | Elf:3    | Bought a potion of lignification for 108 gold pieces
 26972 | Elf:3    | Bought a wand of flame (8) for 201 gold pieces
 26972 | Elf:3    | Bought a potion of ambrosia for 288 gold pieces
 26972 | Elf:3    | Bought a scroll of teleportation for 108 gold pieces
 27428 | Elf:3    | Found Ofijown's Armour Boutique.
 27510 | Elf:3    | Reached XP level 17. HP: 162/162 MP: 16/16
 27604 | Elf:3    | Noticed a deep elf blademaster
 27604 | Elf:3    | Noticed a deep elf master archer
 27621 | Elf:3    | Noticed a deep elf blademaster
 27622 | Elf:3    | Killed a deep elf blademaster
 27639 | Elf:3    | Noticed a deep elf master archer
 27642 | Elf:3    | Identified the +3 mace of Distant Worlds {freeze, Dex+2}
 27643 | Elf:3    | Killed a deep elf blademaster
 27663 | Elf:3    | Killed a ghostly deep elf blademaster
 27664 | Elf:3    | Killed a deep elf master archer
 27734 | Elf:3    | Identified a scroll of acquirement
 27772 | Elf:3    | Acquired the +3 eveningstar "Myerr" {holy, rElec rPois rC+
                  | rCorr}
 27901 | Elf:3    | Identified the +2 spear of the Onslaught {flame, rElec
                  | rPois Dex+2}
 28009 | Elf:3    | Reached skill level 20 in Armour
 28339 | Elf:3    | Identified the +7 plate armour of Untruth {Harm +Blink rC-
                  | Str+3}
 28345 | Elf:3    | Identified the +1 scale mail "Xevev" {rPois Dex+2}
 28363 | Elf:3    | Killed a deep elf master archer
 28375 | Elf:3    | Identified the +3 halberd of the Protecting Gnat {holy,
                  | Int+2}
 28375 | Elf:3    | Identified the ring "Unia" {rPois rC++ Will+ rCorr Int-4}
 28643 | Elf:3    | Identified the staff of death "Bashosk" {rF+ rN+ MP+9
                  | Str+3}
 28648 | Elf:3    | Identified the staff of earth "Yxo Nuof" {Dex+3}
 28863 | Elf:2    | Found a radiant altar of Vehumet.
 29771 | D:13     | Upgraded the game from 0.30.0-10-gfe55d96785 to
                  | 0.30.0-11-gf55b779eaf
 29989 | Shoals:1 | Entered Level 1 of the Shoals
 30019 | Snake:1  | Entered Level 1 of the Snake Pit
 30545 | Snake:1  | Reached XP level 18. HP: 163/173 MP: 12/17
 31743 | Snake:2  | Identified the scarf "Raufuff" {+Inv, rPois Will+}
 31974 | Snake:3  | Reached skill level 21 in Armour
 33098 | Snake:4  | Entered Level 4 of the Snake Pit
 34155 | Snake:4  | HP: 5/176 [salamander tyrant (41)]
 34156 | Snake:4  | Killed from afar by a salamander tyrant

Illustrated notes

Levels and vault maps discovered:
D:1:      lightli_arrival_maybe_door_vault, layout_basic, serial_shops,
          nicolae_shop_real_fake_doors
D:2:      layout_basic
D:3:      wander_river, layout_basic, nicolae_grassy_gnolls, uniq_robin
D:4:      layout_loops_ring, hellmonk_ghost_happy_afterlife,
          hangedman_decor_opposing, nicolae_elevator_lobby_plus
D:5:      layout_loops_ring, minmay_shop_damaged, guppyfry_early_orc_mine
D:6:      layout_loops_corners, mainiacjoe_overflow_alcove_2, nicolae_titane,
          uniq_eustachio
D:7:      layout_loops_ring, temple_statues, grunt_ministairs_12,
          minmay_misc_feat_plants, nicolae_shop_dragon_depot
D:8:      layout_loops_ring, okawaru_ov_weapons_minmay, minmay_misc_feat_tiny
D:9:      layout_gridville, mainiacjoe_overflow_24_doors, lair_entry_dummy,
          minmay_sticks_and_stones, uniq_harold
D:10:     layout_loops_corners, kiku_gazebo_garden_becter,
          dilly_guarded_unrand_devastator
D:11:     layout_basic, orc_0_dummy, wad_floor_pattern_untrapped,
          nzn_life_drinkers, uniq_lodul
D:12:     layout_small_grid
D:13:     layout_long_grid, lightli_vaults_fourway_checkpoint,
          gammafunk_ghost_mausoleum, gauntlet_entry_generic,
          minmay_guarded_unrand_prune
D:14:     layout_rooms, minmay_misc_feat_columns, st_stairs_1
D:15:     gammafunk_enter_depths_forms, layout_small_grid, serial_undead,
          serial_undead_e, serial_undead_f, serial_undead_b, serial_undead_d,
          serial_undead_a, minmay_misc_feat_hallway
Temple:   mainiacjoe_temple_coin_purse
Lair:1:   layout_roguey, dreamdust_wasp_nest, grunt_megastairs_2
Lair:2:   layout_roguey, gammafunk_ghost_arena, basic_altar,
          serial_bayou_shore_a, serial_bayou_shore_b
Lair:3:   layout_cellular_growth, elwin_shoals_entry_rocks,
          minmay_snake_entry_guardpost_small, wad_woods_road_02,
          grunt_megastairs_5
Lair:4:   layout_loops_ring, serial_forest, infiniplex_forest_end_1,
          infiniplex_forest_lined_room_2, infiniplex_forest_lined_room_2,
          infiniplex_forest_straight_2, infiniplex_forest_clump_curved,
          infiniplex_forest_clump_long, infiniplex_forest_clump_diagonal,
          infiniplex_forest_straight_4, infiniplex_forest_straight_3,
          ebering_ghost_reflecting_pool, serial_bayou_crossing
Lair:5:   minmay_lair_end_frog_pond, layout_regular_city,
          nicolae_slime_entry_slimehenge
Shoals:1: layout_shoals, nicolae_shoals_square_sea_wall,
          nicolae_shoals_hidden_pirate_stash
Snake:1:  layout_cave_shapes, grunt_ministairs_5, nicolae_snake_mages_go_home
Snake:2:  layout_gridlike, nicolae_snake_salamander_stairs
Snake:3:  layout_grid_maze, nicolae_snake_guarding_the_ruins,
          serial_bayou_shore_b
Snake:4:  snake_pit_salamanders_mu, layout_cave_town
Orc:1:    cheibrodos_orc_guarddog, layout_diamond_mine,
          gammafunk_ghost_necromancy
Orc:2:    pf_orc_diabolical, layout_caves, elves_outpost_lemuel
Elf:1:    layout_onion_city, hangedman_elven_crosses_minicolossus,
          hangedman_research_geology, uniq_roxanne
Elf:2:    nicolae_elf_blades_crystal_corner, layout_loops_cross, serial_shops,
          shop, lemuel_upstairs_altar
Elf:3:    elf_hall, layout_onion_city, serial_shops, shop, drop_trap,
          st_stairs_11, einodemon_crawler_minivault, minmay_shop_star

Skill      XL: |  1  2  3  4  5  6  7  8  9 10 11 12 13 14 15 16 17 18 |
---------------+-------------------------------------------------------+-----
Armour         | 4 5 6 7 8 10 11 13 14 16 18 19 20 21 | 21.2
Maces & Flails | 3 4 5 7 9 11 12 14 15 16 17 18 19 20 | 20.4
Shields        | 4 5 6 7 8 10 12 14 16 18 19 | 19.9
Fighting       | 4 5 6 7 9 10 12 13 15 16 17 18 19 | 19.5
Dodging        | 1 2 3 |  3.4
Stealth        | 2 3 4 5 6 |  6.3
Throwing       | 1 2 3 |  3.3
Evocations     | |  0.3

Action                     |  1- 3 |  4- 6 |  7- 9 | 10-12 | 13-15 | 16-18 || total
---------------------------+-------+-------+-------+-------+-------+-------++-------
  Melee: Flail             |    91 |   139 |   266 |   492 |   633 |       ||  1621
         Headbutt          |     4 |    14 |    44 |   100 |   209 |   313 ||   684
         Shillelagh        |       |       |       |       |   398 |   411 ||   809
         Eveningstar       |       |       |       |       |       |   911 ||   911
  Throw: Boomerang         |       |       |       |     5 |     6 |       ||    11
         Throwing net      |       |       |       |     1 |     1 |       ||     2
         Dart              |       |       |       |       |     5 |       ||     5
 Invoke: Potion Petition   |       |       |       |     1 |       |     3 ||     4
         Call Merchant     |       |       |       |       |     3 |       ||     3
  Evoke: Wand              |       |       |     3 |     1 |     4 |     7 ||    15
         Box of beasts     |       |       |       |     1 |     1 |     2 ||     4
         Lightning rod     |       |       |       |       |       |     9 ||     9
         Piece from Xom's  |       |       |       |       |       |     6 ||     6
         Condenser vane    |       |       |       |       |       |     3 ||     3
    Use: Scroll            |     4 |     4 |     5 |     7 |    15 |     8 ||    43
         Potion            |       |     1 |     1 |     3 |     2 |     7 ||    14
   Stab: Paralysed         |       |       |     3 |       |       |       ||     3
         Distracted        |       |       |       |     3 |     6 |     9 ||    18
         Invisible         |       |       |       |     1 |     2 |     3 ||     6
         Held in net/web   |       |       |       |       |     1 |       ||     1
 Armour: Scale mail        |    43 |    41 |     8 |       |       |       ||    92
         Plate armour      |       |       |    90 |   249 |       |       ||   339
         Gold dragon scale |       |       |       |     8 |   657 |   641 ||  1306
  Dodge: Dodged            |    86 |   117 |   132 |   306 |   533 |   187 ||  1361
  Block: Buckler           |    19 |    32 |    50 |   113 |   266 |       ||   480
         Tower shield      |       |       |       |       |   152 |   989 ||  1141
